 Dungeon Crawl Stone Soup version 0.19.5 (webtiles) character file.

2281 Gargoyl the Covered (level 9, -2/75 HPs)
             Began as a Ghoul Abyssal Knight on Mar 29, 2017.
             Was a Priest of Lugonu.
             Slain by a wolf (5 damage)
             ... led by Grum
             ... on level 7 of the Dungeon.
             The game lasted 00:18:45 (8440 turns).

Gargoyl the Covered (Ghoul Abyssal Knight)          Turns: 8440, Time: 00:18:46

Health: -2/75      AC: 12    Str: 21    XL:     9   Next: 39%
Magic:  0/12       EV:  8    Int:  7    God:    Lugonu [***...]
Gold:   401        SH:  4    Dex: 11    Spells: 0 memorised, 8 levels left

rFire  . . .     SeeInvis +     o - -2 hand axe (curse)
rCold  + . .     Gourm    .     d - +0 chain mail {rPois}
rNeg   + + +     Faith    .     k - +0 buckler
rPois  ∞         Spirit   +     l - +1 helmet
rElec  .         Reflect  .     (no cloak)
rCorr  .         Harm     .     (no gloves)
MR     +....                    (no boots)
Stlth  ..........               q - amulet of guardian spirit
                                s - ring of see invisible
                                B - ring of protection from magic

@: mighty, rotting
A: rotting body, claws 1, carnivore 3, cold resistance 1, negative energy
resistance 3, slow regeneration 1, torment resistance, unbreathing
a: Depart the Abyss, Bend Space, Banish, Renounce Religion


You were on level 7 of the Dungeon.
You worshipped Lugonu.
Lugonu was most pleased with you.
You were not hungry.

You visited 1 branch of the dungeon, and saw 8 of its levels.
You visited the Abyss 1 time.

You collected 401 gold pieces.

Inventory:

Hand Weapons
 a - a +2 hand axe
 g - a cursed +0 trident
 o - a cursed -2 hand axe (weapon)
 A - a +2 spear of venom
 E - a +1 vampiric hand axe
Missiles
 e - 7 tomahawks (quivered)
Armour
 d - a +0 chain mail of poison resistance (worn)
 k - a +0 buckler (worn)
 l - a +1 helmet (worn)
Jewellery
 j - an uncursed ring of fire
 q - an amulet of guardian spirit (around neck)
 s - a ring of see invisible (right claw)
 z - an uncursed ring of flight {unknown}
 B - a ring of protection from magic (left claw)
Wands
 b - a wand of acid (0/15)
 u - a wand of disintegration (13/24)
 x - a wand of random effects (25/48)
 y - a wand of digging (17/24)
 G - a wand of iceblast (5/15)
Scrolls
 h - 2 scrolls of recharging
 n - 2 scrolls of blinking
 p - a scroll of enchant weapon
 t - 2 scrolls of identify
 D - a scroll of fog
Potions
 w - a potion of curing
 C - a potion of flight
Books
 r - a book of Maledictions

   Spells                             Type                      Level
   a - Corona                         Hexes                        1
   b - Ensorcelled Hibernation        Hexes/Ice                    2
   c - Confuse                        Hexes                        3
   d - Tukima's Dance                 Hexes                        3
   e - Dazzling Spray                 Conjuration/Hexes            3
 v - a book of Misfortune

   Spells                             Type                      Level
   a - Confusing Touch                Hexes                        1
   b - Confuse                        Hexes                        3
   c - Gell's Gravitas                Hexes/Translocation          3
   d - Petrify                        Transmutation/Earth          4
   e - Metabolic Englaciation         Hexes/Ice                    5
   f - Yara's Violent Unravelling     Hexes/Transmutation          5
Comestibles
 c - 5 meat rations
 f - 2 beef jerkies
 i - 3 slices of pizza
 F - 3 chunks of flesh


   Skills:
 + Level 6.0 Fighting
 + Level 5.4 Axes
 + Level 0.1 Throwing
 * Level 6.8 Armour
 + Level 2.7 Dodging
 + Level 1.9 Shields
 * Level 6.1 Invocations


You had 8 spell levels left.
You didn't know any spells.

Dungeon Overview and Level Annotations

Branches:
Dungeon (8/15)             Temple (0/1) D:4
   Lair: D:8-11

Altars:
Dithmenos
Gozag
Nemelex Xobeh
Ru
Uskayaw
Yredelemnul
Zin

Shops:
D:7 *

Annotations:
D:8 Grum, Joseph


Innate Abilities, Weirdness & Mutations

Your body is rotting away.
You thrive on raw meat.
You are immune to poison.
You have sharp fingernails.
You are carnivorous and can eat meat at any time.
Your flesh is cold resistant. (rC+)
You are immune to negative energy. (rN+++)
You regenerate slowly when monsters are visible.
You are immune to unholy pain and torment.
You can survive without breathing.


Message History

* * * LOW HITPOINT WARNING * * *
The wolf bites you but does no damage.
You slash the wolf!
The wolf is severely wounded.
The wolf bites you!
* * * LOW HITPOINT WARNING * * *
The wolf bites you but does no damage.
You miss the wolf.
The wolf is severely wounded.
The wolf barely misses you. The wolf bites you!
* * * LOW HITPOINT WARNING * * *
Your chain mail prevents you from hitting the wolf.
The wolf is severely wounded.
The wolf bites you.
* * * LOW HITPOINT WARNING * * *
The wolf barely misses you.
You hit the wolf.
The wolf is severely wounded.
The wolf bites you.
You die...

..#.........##.#.#
#.#
..#.........##.#.#
#.#
(##.........##.#.#
#.#
##...##+######.#.#
#.# ...####.# #.#.#
#.#
#.......######.#.#
#.#
..####.........#.#
#.#
..####..###....#h#
#.#
................@##
#.#
..####............#
#.#
#......#..#...##..#
#.#
#......##.#...##..#
#.#
#......##.....##..#
#.#
.......###....##..#
#.# .#####.#
#.#####..# #.# .#
#.# #..# #..# #.#
.# #.# ##.## #..#
#.#


You could see a wolf.

Vanquished Creatures
  Grinder (D:3)
  Edmund (D:3)
  Duvessa (D:5)
  A water moccasin (D:7)
  A phantom (D:5)
  2 ice beasts
  3 sky beasts
  A centaur (D:5)
  A big kobold (D:7)
  A bullfrog (D:6)
  Dowan (D:5)
  A gnoll sergeant (D:5)
  3 scorpions
  A quasit (D:5)
  3 hounds
  An orc priest (D:4)
  2 orc wizards (D:7)
  Ijyb (D:2)
  Terence (D:2)
  A killer bee zombie (D:7)
  Robin (D:3)
  3 gnolls
  10 adders
  A shadow imp (D:7)
  An ooze (D:4)
  4 leopard geckos
  17 orcs
  A ball python (D:5)
  8 bats
  7 giant cockroaches
  19 goblins
  16 hobgoblins
  3 quokkas
  7 frilled lizards
  10 kobolds
  8 rats
144 creatures vanquished.

Vanquished Creatures (collateral kills)
  A sky beast (D:6)
1 creature vanquished.

Vanquished Creatures (others)
  A hungry ghost (D:7)
  An ogre (D:7)
  A crimson imp (D:6)
3 creatures vanquished.

Grand Total: 148 creatures vanquished

Notes
Turn   | Place    | Note
-------+----------+-------------------------------------------
     0 | Abyss:1  | Gargoyl the Ghoul Abyssal Knight began the quest for the Orb.
     0 | Abyss:1  | Reached XP level 1. HP: 19/19 MP: 1/1
    38 | Abyss:2  | Noticed a sun demon
    44 | D:1      | Escaped the Abyss
   194 | D:1      | Reached XP level 2. HP: 26/26 MP: 2/2
   210 | D:1      | Reached * piety under Lugonu
   434 | D:1      | Reached XP level 3. HP: 26/33 MP: 3/3
   665 | D:1      | Found a sparkling altar of Nemelex Xobeh.
   847 | D:2      | Noticed Terence
   878 | D:2      | Killed Terence
   878 | D:2      | Reached skill level 1 in Dodging
   878 | D:2      | Reached XP level 4. HP: 22/40 MP: 3/5
  1096 | D:2      | Found a hide-covered altar of Uskayaw.
  1319 | D:2      | Reached ** piety under Lugonu
  1451 | D:2      | Noticed Ijyb
  1459 | D:2      | Killed Ijyb
  1485 | D:2      | Found a sparkling altar of Nemelex Xobeh.
  1547 | D:2      | Reached XP level 5. HP: 33/46 MP: 6/6
  1944 | D:3      | Noticed Grinder
  1952 | D:3      | Paralysed by Grinder for 3 turns
  1986 | D:3      | Paralysed by Grinder for 6 turns
  1993 | D:3      | Paralysed by Grinder for 6 turns
  2009 | D:3      | Paralysed by Grinder for 6 turns
  2026 | D:3      | Paralysed by Grinder for 3 turns
  2034 | D:3      | Noticed Robin
  2043 | D:3      | Killed Grinder
  2043 | D:3      | Reached XP level 6. HP: 17/53 MP: 7/7
  2046 | D:3      | Killed Robin
  2270 | D:3      | Found an opulent altar of Gozag.
  2287 | D:3      | Found a sacrificial altar of Ru.
  3093 | D:4      | Noticed Edmund
  3130 | D:4      | Reached XP level 7. HP: 34/57 MP: 8/8
  3141 | D:4      | Reached *** piety under Lugonu
  3177 | D:3      | Killed Edmund
  3498 | D:5      | Entered Level 5 of the Dungeon
  3845 | D:4      | Found a staircase to the Ecumenical Temple.
  4144 | D:5      | Reached skill level 5 in Armour
  4465 | D:5      | Reached skill level 5 in Fighting
  4465 | D:5      | Reached XP level 8. HP: 39/67 MP: 10/10
  5193 | D:5      | Noticed Dowan
  5194 | D:5      | Noticed Duvessa
  5230 | D:5      | Killed Duvessa
  5230 | D:5      | Reached skill level 1 in Shields
  5298 | D:5      | Killed Dowan
  5720 | D:6      | Found a basalt altar of Yredelemnul.
  5807 | D:6      | Reached skill level 5 in Invocations
  6381 | D:6      | Reached skill level 5 in Axes
  6394 | D:6      | Found a shadowy altar of Dithmenos.
  6600 | D:7      | Reached XP level 9. HP: 55/74 MP: 8/12
  7162 | D:8      | Noticed Joseph
  7521 | D:7      | Found Zin's Purification Station.
  7538 | D:7      | Found a glowing silver altar of Zin.
  8412 | D:8      | Noticed Grum
  8439 | D:7      | HP: 3/75 [wolf[Grum] (3)]
  8440 | D:7      | Slain by a wolf

Skill      XL: |  1  2  3  4  5  6  7  8  9 |
---------------+----------------------------+-----
Armour         | 2 3 4 5 6 |  6.8
Axes           | 2 3 4 5 |  5.4
Fighting       | 4 5 6 |  6.0
Dodging        | 1 2 |  2.7
Invocations    | 3 4 5 6 |  6.1
Shields        | 1 |  1.9
Throwing       | |  0.1

Action                   |  1- 3 |  4- 6 |  7- 9 || total
-------------------------+-------+-------+-------++-------
Melee: Hand axe          |   108 |   226 |   915 ||  1249
       Whip              |    24 |       |       ||    24
Throw: Tomahawk          |       |       |     6 ||     6
Invok: Depart the Abyss  |     1 |       |       ||     1
       Banish            |       |       |     3 ||     3
Evoke: Wand              |       |       |     4 ||     4
  Use: Scroll            |     2 |     5 |     9 ||    16
       Potion            |       |     1 |    11 ||    12
  Eat: Chunk             |     5 |    23 |    55 ||    83
Armor: Chain mail        |   117 |   211 |   634 ||   962
Dodge: Dodged            |    62 |   101 |   298 ||   461
Block: Buckler           |       |    30 |   164 ||   194
